 Dungeon Crawl Stone Soup version 0.28.0-1-gb440e238dd (webtiles) character file.

Game seed: 12170081702012211022

154 growler the Gusty (level 5, -2/28 HPs)
             Began as a Tengu Air Elementalist on Feb 21, 2022.
             Succumbed to a water moccasin's poison
             ... on level 4 of the Dungeon.
             The game lasted 00:06:03 (4605 turns).

growler the Gusty (Tengu Air Elementalist)          Turns: 4605, Time: 00:06:04

Health: -2/28      AC:  3    Str:  8    XL:     5   Next: 36%
Magic:  2/10       EV: 14    Int: 17    God:
Gold:   255        SH:  0    Dex: 15    Spells: 0/10 levels left

rFire   + . .      SeeInvis .   q - +1 trident of Cheibriados's Hope {spect, +Blink rF+ rN+}
rCold   . . .      Faith    .   (no shield)
rNeg    + . .      Spirit   .   a - +0 robe
rPois   .          Reflect  .   (helmet restricted)
rElec   .          Harm     .   p - +0 cloak
rCorr   .          Rampage  .   (no gloves)
Will    .....                   (boots unavailable)
Stlth   ++........              (no amulet)
HPRegen 0.09/turn               (no ring)
MPRegen 0.12/turn               (no ring)

@: lethally poisoned (-2 -> -18), flying quickly and evasively, quick
A: beak, talons 3, nimble flight
a: Evoke Blink


You were on level 4 of the Dungeon.
You visited 1 branch of the dungeon, and saw 4 of its levels.

You collected 255 gold pieces.

Inventory:

Hand Weapons
 q - the +1 trident of Cheibriados's Hope (weapon) {spect, +Blink rF+ rN+}
   (You found it on level 4 of the Dungeon)

   When its wielder attacks, the weapon's spirit leaps out and strikes again.
   The spirit shares a part of any damage it takes with its wielder.
   rF:        It protects you from fire.
   rN:        It protects you from negative energy.
   +Blink:    It lets you blink.
Armour
 a - a +0 robe (worn)
 p - a +0 cloak (worn)
   (You found it on level 4 of the Dungeon)
Jewellery
 i - a ring of protection from fire
   (You found it on level 4 of the Dungeon)
Wands
 d - a wand of iceblast (7)
   (You found it on level 3 of the Dungeon)
Scrolls
 c - 2 scrolls of teleportation {unknown}
 g - a scroll of holy word {unknown}
 h - 3 scrolls of identify {unknown}
 k - a scroll of amnesia {unknown}
 l - a scroll of enchant armour {unknown}
Potions
 b - a potion of might {unknown}
 e - a potion of haste {unknown}
 f - 3 potions of brilliance {unknown}
 j - 3 potions of curing {unknown}
 m - 2 potions of lignification {unknown}
 n - a potion of invisibility {unknown}
 o - a potion of flight {unknown}
 r - a potion of ambrosia {unknown}
 s - a potion of heal wounds {unknown}


   Skills:
 - Level 2.1 Dodging
 - Level 2.0 Stealth
 + Level 3.2 Spellcasting
 + Level 3.9 Conjurations
 + Level 5.5 Air Magic


You couldn't memorise any spells.
You knew the following spells:

 Your Spells              Type           Power      Damage    Failure   Level
a - Shock                 Conj/Air       72%        1d7       2%          1
b - Airstrike             Air            10%        N/A       17%         4
d - Static Discharge      Conj/Air       18%        N/A       3%          2
s - Swiftness             Air            21%        N/A       5%          3

Your spell library contained the following spells:

 Spells                   Type           Power      Damage    Failure   Level


Dungeon Overview and Level Annotations

Branches:
Dungeon (4/15)
 Temple: D:4-7

Altars:
Qazlal
Wu Jian


Innate Abilities, Weirdness & Mutations

You have a beak for a mouth.
You have claws for feet.
Your magical nature lets you fly swiftly and evasively.


Message History

No target in view!
j - 3 murky coppery potions (gained 1)
You now have 255 gold pieces (gained 13).
Things that are here:
a +0 dagger; 2 stones A ball python comes into view.
A ball python is nearby!
Found 19 arrows.
You reach to attack!
The helpless ball python fails to defend itself.
You hit the ball python.
You kill the ball python!
No target in view!
You see here a ball python corpse.
Found a flail.
Found an escape hatch in the ceiling.
Found an escape hatch in the floor.
Found 9 stones.
There is an escape hatch in the floor here.
Found 3 poisoned darts.
Found a fuming ruby potion.
s - a fuming ruby potion
Found a stormy altar of Qazlal.
You reach to attack!
The helpless water moccasin fails to defend itself.
You hit the water moccasin.
Your +1 trident of Cheibriados's Hope {spect, +Blink rF+ rN+} hits the water moccasin from afar!
The water moccasin bites you.
You are poisoned.
The water moccasin poisons you!
The water moccasin is struck by an arc of lightning!
You feel very sick. The water moccasin closely misses you.
The water moccasin is struck by an arc of lightning!
You are struck by an arc of lightning.
The lightning grounds out.
You feel very sick. The water moccasin closely misses you.
The water moccasin barely misses you.
The water moccasin is struck by an arc of lightning.
You are struck by an arc of lightning.
* * * LOW HITPOINT WARNING * * *
The lightning grounds out.
You feel sick. The water moccasin bites you!
* * * LOW HITPOINT WARNING * * *
You are more poisoned.
The water moccasin poisons you!
The water moccasin is struck by an arc of lightning.
You kill the water moccasin!
You are struck by an arc of lightning.
* * * LOW HITPOINT WARNING * * *
The lightning grounds out.
You die...

#...........................##
#..............[..............
##.................... .....#.
##................... ... #.
##...........?...... . ##.
.........?........# ..#..
..§..........#...## #.....
..≈.........#...# #..... .
#§#^...#@.## ^...... ^.
##^........#.# .##....
^..#≈#^#.............####...
...^..≈................###..
._......##.##......(........
≈.....^.#####.........##....
...#§#..#.## #........##....
..^^ #^....###..(..#..#.....
≈.≈ #..#.###....###........


There were no monsters in sight!

Vanquished Creatures
  A water moccasin (D:4)
  Terence (D:3)
  6 adders
  An adder skeleton (D:4)
  A worm (D:2)
  4 dart slugs
  An orc (D:3)
  3 ball pythons
  12 endoplasms
  2 goblins (D:1)
  6 hobgoblins
  3 jackals (D:1)
  2 quokkas (D:2)
  5 bats
  5 frilled lizards
  5 kobolds
  3 rats
61 creatures vanquished.

Notes
Turn   | Place    | Note
-------+----------+-------------------------------------------
     0 | D:1      | growler the Tengu Air Elementalist began the quest for the
                  | Orb.
     0 | D:1      | Reached XP level 1. HP: 10/10 MP: 4/4
   512 | D:1      | Reached XP level 2. HP: 15/15 MP: 4/6
   515 | D:1      | Learned a level 2 spell: Static Discharge
  1495 | D:2      | Found an ornate altar of the Wu Jian Council.
  1586 | D:2      | Reached XP level 3. HP: 19/19 MP: 5/7
  2077 | D:2      | Reached skill level 5 in Air Magic
  2077 | D:2      | Reached XP level 4. HP: 16/24 MP: 0/9
  3384 | D:3      | Found a faded altar of an unknown god.
  3600 | D:3      | Noticed Terence
  3608 | D:3      | Killed Terence
  3609 | D:3      | Gained mutation: Your magical nature lets you fly swiftly
                  | and evasively. [Tengu growth]
  3609 | D:3      | Reached XP level 5. HP: 12/28 MP: 0/10
  3832 | D:3      | Learned a level 3 spell: Swiftness
  3837 | D:3      | Learned a level 4 spell: Airstrike
  4347 | D:4      | Identified the +1 trident of Cheibriados's Hope {spect,
                  | +Blink rF+ rN+}
  4376 | D:4      | Noticed a water moccasin
  4489 | D:4      | Found Woqaduci's Antique Weapon Emporium.
  4580 | D:4      | Noticed a +0 short sword
  4581 | D:4      | Noticed a +0 dagger
  4582 | D:4      | Noticed a +0 falchion
  4582 | D:4      | Noticed a +0 short sword
  4583 | D:4      | Noticed a +0 spear
  4583 | D:4      | Noticed a +0 dagger
  4584 | D:4      | Noticed a +0 spear
  4585 | D:4      | Noticed a +0 falchion
  4593 | D:4      | Found a stormy altar of Qazlal.
  4605 | D:4      | Killed a water moccasin
  4605 | D:4      | Succumbed to a water moccasin's poison

Illustrated notes

Levels and vault maps discovered:
D:1:      minmay_arrival_arboretum_small, layout_basic, minmay_tromino_i2
D:2:      layout_rooms, basic_altar
D:3:      layout_basic, hellmonk_ecumenical_altar_slurped_away,
          roderic_lattice_a, uniq_terence
D:4:      layout_cave_pools, nicolae_uskayaw_en_pointe, grunt_qazlal_sundering,
          serial_shops, nicolae_shop_waterfront

Skill      XL: |  1  2  3  4 |
---------------+-------------+-----
Conjurations   | 2 3 |  3.9
Air Magic      | 5 |  5.5
Spellcasting   | 3 |  3.2
Dodging        | |  2.1
Stealth        | |  2.0

Action                   |  1- 3 |  4- 6 || total
-------------------------+-------+-------++-------
Melee: Unarmed           |     9 |     5 ||    14
       Kick              |     3 |     3 ||     6
       Peck              |     2 |     1 ||     3
       Trident           |       |     5 ||     5
 Cast: Shock             |    38 |    56 ||    94
       Static Discharge  |    14 |    16 ||    30
 Stab: Sleeping          |     1 |     2 ||     3
Armor: Robe              |     1 |     4 ||     5
Dodge: Dodged            |    21 |    13 ||    34
